 Dungeon Crawl Stone Soup version 0.27.0-1-g7a08968 (webtiles) character file.

Game seed: 15724974684857360123

9601 Illumine the Blocker (level 11, -11/87 HPs)
             Began as a Formicid Fighter on Aug 26, 2021.
             Was a High Priest of Okawaru.
             Mangled by a harpy simulacrum (16 damage)
             ... in an ice cave.
             The game lasted 00:18:07 (13904 turns).

Illumine the Blocker (Formicid Fighter)            Turns: 13904, Time: 00:18:08

Health: -11/87     AC: 16    Str: 24    XL:     11   Next: 77%
Magic:  15/15      EV: 11    Int:  8    God:    Okawaru [*****.]
Gold:   940        SH: 12    Dex: 10    Spells: 10/10 levels left

rFire    . . .     SeeInvis +   p - +8 whip (elec)
rCold    . . .     Faith    +   c - +0 kite shield
rNeg     . . .     Spirit   .   J - +0 plate armour
rPois    +         Reflect  .   (helmet unavailable)
rElec    .         Harm     .   N - +0 cloak {rPois}
rCorr    .         Rampage  .   (no gloves)
Will     +....                  b - +0 pair of boots
Stlth    ..........             G - amulet of faith
HPRegen  0.24/turn              F - +4 ring of evasion
MPRegen  0.14/turn              (no ring)

@: no status effects
A: permanent stasis, dig shafts and tunnels, antennae 3, four strong arms
a: Dig, Renounce Religion, Heroism, Finesse


You were in an ice cave.
You worshipped Okawaru.
Okawaru was extremely pleased with you.
You visited 2 branches of the dungeon, and saw 11 of its levels.
You also visited: Sewer, Ossuary and Ice Cave.

You collected 940 gold pieces.

Inventory:

Hand Weapons
 a - a +0 trident
 o - a +0 hunting sling
 p - a +8 whip of electrocution (weapon)
 s - a +0 hunting sling
 C - a +0 glaive of chaos
 L - a +0 hand crossbow
Missiles
 f - a throwing net
 m - 35 poisoned darts (quivered)
 t - 97 bolts
Armour
 b - a +0 pair of boots (worn)
 c - a +0 kite shield (worn)
 h - a scarf of repulsion
 J - a +0 plate armour (worn)
 N - a +0 cloak of poison resistance (worn)
Jewellery
 F - a +4 ring of evasion (left hand)
 G - an amulet of faith (around neck)
 M - an amulet of reflection
Wands
 j - a wand of acid (16)
 r - a wand of flame (26)
 E - a wand of paralysis (9)
Scrolls
 e - a scroll of vulnerability
 g - a scroll of summoning
 l - 4 scrolls of immolation
 u - a scroll of fog
 v - 2 scrolls of fear
 y - a scroll of noise
 z - a scroll of torment {unknown}
 A - a scroll of amnesia {unknown}
 D - 8 scrolls of identify
 H - a scroll of magic mapping {unknown}
 I - 3 scrolls of brand weapon
Potions
 d - a potion of might
 i - 9 potions of curing
 n - 2 potions of degeneration {unknown}
 w - 2 potions of cancellation {unknown}
 x - 2 potions of brilliance {unknown}
 B - 2 potions of mutation {unknown}
 K - a potion of lignification {unknown}
 O - a potion of attraction {unknown}
 P - a potion of flight {unknown}


   Skills:
 + Level 8.4 Fighting
 + Level 7.7 Maces & Flails
 + Level 6.6 Polearms
 + Level 8.4 Armour
 - Level 1.1 Dodging
 + Level 9.2 Shields
 + Level 6.5 Invocations
 + Level 6.0 Evocations


You had 10 spell levels left.
You didn't know any spells.
Your spell library contained the following spells:

 Spells                   Type           Power      Damage    Failure   Level
 Freeze                   Ice            0%         1d3       99%         1
 Corpse Rot               Necr/Air       N/A        N/A       100%        2
 Passwall                 Tmut/Erth      0%         N/A       100%        2
 Call Canine Familiar     Summ           0%         N/A       100%        3
 Frozen Ramparts          Ice            0%         1d2       100%        3
 Ozocubu's Armour         Ice            0%         N/A       100%        3
 Portal Projectile        Hex/Tloc       0%         N/A       100%        3
 Airstrike                Air            0%         N/A       100%        4
 Dispel Undead            Necr           0%         3d6       100%        4
 Hailstorm                Conj/Ice       0%         3d3       100%        4
 Leda's Liquefaction      Hex/Erth       0%         N/A       100%        4
 Summon Lightning Spire   Summ/Air       0%         N/A       100%        4
 Lightning Bolt           Conj/Air       0%         1d11      100%        5
 Metabolic Englaciation   Hex/Ice        0%         N/A       100%        5
 Death Channel            Necr           0%         N/A       100%        6
 Invisibility             Hex            0%         N/A       100%        6
 Simulacrum               Ice/Necr       0%         N/A       100%        6
 Swiftness                Air            Unusable   N/A       N/A         3

Dungeon Overview and Level Annotations

Branches:
Dungeon (10/15)            Temple (0/1) D:7            Lair (1/6) D:10
    Orc (0/2) D:9           Sewer (visited)         Ossuary (visited)
  IceCv (1/1)

Altars:
Cheibriados
Okawaru
Qazlal
Ru
Sif Muna
Trog

Shops:
D:8 =


Innate Abilities, Weirdness & Mutations

You cannot be hasted, slowed, berserked, paralysed or teleported.
You can dig through walls and to a lower floor.
You have a pair of large antennae on your head. (SInv)
Your four strong arms can wield two-handed weapons with a shield.


Message History

Okay, then.
You can't see any enemies this would affect, really read the scroll of fear?
Okay, then.
Okay, then.
You feel much better.
The harpy simulacrum claws you but does no damage. x2
The freezing wraith hits you.
* * * LOW HITPOINT WARNING * * *
The freezing wraith freezes you!
* * * LOW HITPOINT WARNING * * *
The freezing wraith hits you but does no damage.
You block the harpy simulacrum's attack. x2
You feel much better.
You block the harpy simulacrum's attack.
The harpy simulacrum barely misses you. x2; The harpy simulacrum claws you.
* * * LOW HITPOINT WARNING * * *
The harpy simulacrum freezes you!
* * * LOW HITPOINT WARNING * * *
You block the freezing wraith's attack. The freezing wraith barely misses you.
The harpy simulacrum closely misses you.
The harpy simulacrum claws you but does no damage.
You block the harpy simulacrum's attack.
The harpy simulacrum claws you but does no damage.
You block the harpy simulacrum's attack.
The harpy simulacrum closely misses you.
The harpy simulacrum claws you.
* * * LOW HITPOINT WARNING * * *
The harpy simulacrum freezes you!
* * * LOW HITPOINT WARNING * * *
You block the harpy simulacrum's attack.
Unknown command.
You block the harpy simulacrum's attack.
The harpy simulacrum claws you but does no damage.
You hit the harpy simulacrum.
The harpy simulacrum is almost destroyed.
You block the harpy simulacrum's attack.
The harpy simulacrum claws you.
* * * LOW HITPOINT WARNING * * *
The harpy simulacrum freezes you!
You die...

##...# ###
### ##..##
##.## ##.##
##..# ##...#
#...##
#..####....#
#.....#.Z#
#...#...#..#
.....##..##
##.....##..#
#..... ##.W#
##...###.##
...... #.Z##
######..#
..... ##.@#
##..## .....
#..## ##...#
{ ##..#
##...##
##.####...##
#..##...##
##..#..##
#..÷...#
##...#.§§#
######.§#


You could see a freezing wraith, a harpy simulacrum and a two-headed ogre
simulacrum.

Vanquished Creatures
  An ugly thing (IceCv)
  An unseen horror (D:10)
  A komodo dragon (D:10)
  A freezing wraith (IceCv)
  An ice devil (IceCv)
  A troll (D:10)
  A hornet (D:9)
  Prince Ribbit (D:8)
  A meliai zombie (D:10)
  A dire elephant simulacrum (IceCv)
  5 wyverns
  7 yaks (D:9)
  3 death yak simulacra (IceCv)
  A steam dragon (D:7)
  An orc warrior (D:8)
  5 water moccasins
  Purgy (Sewer)
  A sky beast (D:6)
  A black bear (D:7)
  A necrophage (D:7)
  An ogre (D:5)
  A centaur (D:9)
  2 phantoms
  A kobold brigand (D:5)
  2 cane toad simulacra (IceCv)
  4 bullfrogs
  A gnoll sergeant (D:5)
  A two-headed ogre simulacrum (IceCv)
  2 scorpions
  4 killer bees (D:10)
  3 wights (D:6)
  2 elephant simulacra (IceCv)
  4 howler monkeys
  2 electric eels (D:10)
  A bullfrog skeleton (D:7)
  7 centaur zombies
  2 jellies (D:6)
  A hound (D:7)
  A bullfrog zombie (D:5)
  A centaur skeleton (D:4)
  A gnoll shaman (D:7)
  13 orc priests
  6 iguanas
  4 orc wizards
  A polar bear simulacrum (IceCv)
  A wolf simulacrum (IceCv)
  2 troll simulacra (IceCv)
  8 mummies (Ossuary)
  A howler monkey zombie (D:8)
  A howler monkey skeleton (D:5)
  9 gnolls
  A naga simulacrum (IceCv)
  10 adders
  2 river rats (D:3)
  3 shadow imps
  A white imp (D:7)
  3 ufetubi
  2 worms
  2 dart slugs
  31 orcs
  8 ball pythons
  5 endoplasms
  4 giant cockroaches
  4 hobgoblins
  2 jackals (D:1)
  14 kobolds
  A quokka (D:4)
  6 bats
  3 frilled lizards
  6 goblins
  2 hobgoblin zombies (Ossuary)
  4 kobold zombies (Ossuary)
  2 orc zombies (Ossuary)
  7 rats
249 creatures vanquished.

Vanquished Creatures (others)
  2 fungi
  11 plants (D:10)
13 creatures vanquished.

Grand Total: 262 creatures vanquished

Notes
Turn   | Place    | Note
-------+----------+-------------------------------------------
     0 | D:1      | Illumine the Formicid Fighter began the quest for the Orb.
     0 | D:1      | Reached XP level 1. HP: 18/18 MP: 1/1
   119 | D:1      | Reached XP level 2. HP: 23/24 MP: 2/2
   702 | D:2      | Reached skill level 4 in Shields
   702 | D:2      | Reached XP level 3. HP: 23/29 MP: 3/3
  1144 | D:2      | Reached XP level 4. HP: 27/37 MP: 4/4
  2318 | D:3      | Reached XP level 5. HP: 36/42 MP: 5/5
  2419 | D:3      | Found a glowing drain.
  2669 | Sewer    | Entered a sewer
  2802 | Sewer    | Noticed Purgy
  2807 | Sewer    | Killed Purgy
  2808 | Sewer    | Reached skill level 1 in Maces & Flails
  2808 | Sewer    | Reached XP level 6. HP: 43/48 MP: 6/6
  3405 | D:4      | You fall into a shaft and drop 2 floors!
  3521 | D:6      | Found a sand-covered staircase.
  3530 | Ossuary  | Entered an ossuary
  3599 | Ossuary  | Reached skill level 5 in Shields
  3765 | Ossuary  | Reached XP level 7. HP: 55/55 MP: 7/7
  4570 | D:6      | Reached skill level 5 in Armour
  4624 | D:5      | Entered Level 5 of the Dungeon
  4633 | D:5      | Reached skill level 5 in Fighting
  5076 | D:5      | Found a transporter.
  5198 | D:5      | Reached XP level 8. HP: 51/62 MP: 8/8
  5863 | D:5      | Reached skill level 6 in Shields
  6220 | D:5      | Found a transporter.
  6436 | D:5      | Found an iron altar of Okawaru.
  6436 | D:5      | Found a sacrificial altar of Ru.
  6443 | D:5      | Became a worshipper of Warmaster Okawaru
  6683 | D:5      | Reached skill level 1 in Dodging
  6997 | D:4      | Reached skill level 5 in Maces & Flails
  7476 | D:4      | Reached skill level 1 in Invocations
  7652 | D:5      | Reached skill level 1 in Evocations
  7890 | D:6      | Reached XP level 9. HP: 63/69 MP: 10/10
  8459 | D:7      | Reached * piety under Okawaru
  8671 | D:7      | Found a faded altar of an unknown god.
  8671 | D:7      | Found a snail-covered altar of Cheibriados.
  8677 | D:7      | Found a stormy altar of Qazlal.
  8679 | D:7      | Found a faded altar of an unknown god.
  8681 | D:7      | Found a bloodstained altar of Trog.
  8880 | D:7      | Reached ** piety under Okawaru
  8881 | D:7      | Reached skill level 7 in Shields
  8921 | D:7      | Found a shimmering blue altar of Sif Muna.
  9453 | D:7      | Found a staircase to the Ecumenical Temple.
  9617 | D:8      | Reached *** piety under Okawaru
  9618 | D:8      | Reached XP level 10. HP: 60/77 MP: 12/12
  9763 | D:8      | Noticed Prince Ribbit
  9789 | D:8      | Killed Prince Ribbit
  9974 | D:8      | Reached skill level 5 in Polearms
 10062 | D:8      | Found Beuhem's Jewellery Emporium.
 10261 | D:9      | Reached **** piety under Okawaru
 10401 | D:9      | Found a staircase to the Orcish Mines.
 10408 | D:9      | Reached skill level 8 in Shields
 10705 | D:10     | Entered Level 10 of the Dungeon
 10719 | D:9      | Reached ***** piety under Okawaru
 10836 | D:9      | Reached skill level 5 in Invocations
 11161 | D:9      | Reached XP level 11. HP: 58/84 MP: 13/15
 11280 | D:9      | Reached skill level 5 in Evocations
 11300 | D:10     | Found a staircase to the Lair.
 11470 | D:10     | Received a gift from Okawaru
 12406 | Lair:1   | Entered Level 1 of the Lair of Beasts
 12606 | Lair:1   | Found a frozen archway.
 12615 | IceCv    | Entered an ice cave
 12627 | IceCv    | Reached skill level 9 in Shields
 13531 | IceCv    | Noticed a white ugly thing
 13539 | IceCv    | Killed a white ugly thing
 13895 | IceCv    | HP: 3/87 [harpy simulacrum (7)]
 13904 | IceCv    | Mangled by a harpy simulacrum

Illustrated notes

Levels and vault maps discovered:
D:1:      nicolae_arrival_memento_mori, layout_loops_ring,
          basic_ecumenical_altar, serial_rivers, chequers_serial_rivers_micro_c,
          chequers_serial_rivers_micro_e, chequers_serial_rivers_room_a,
          chequers_serial_rivers_micro_c, chequers_serial_rivers_large_b,
          chequers_serial_rivers_micro_e, skrybe_limestone_x
D:2:      minmay_inner_zag, layout_loops_corners
D:3:      layout_loops_cross, portal_sewer_entry_b, hangedman_glass_teeth,
          minmay_hedge_maze
D:4:      layout_gridville, minmay_checkerbox
D:5:      gammafunk_wand_slinger, layout_basic, gammafunk_temple_overflow_wave
D:6:      layout_loops_ring, nicolae_ossuary_entry_monument
D:7:      layout_loops_ring, chequers_temple_overflow_minitemple,
          kennysheep_mini_moat, minmay_temple_entry_fiery,
          kennysheep_generic_room_15
D:8:      layout_rooms, serial_shops,
          nicolae_shop_temple_entry_statues_fountains, uniq_prince_ribbit1
D:9:      layout_roguey, minmay_misc_feat_five
D:10:     layout_basic, minmay_lair_entry_grove
Lair:1:   layout_regular_city, portal_ice_cave_entry_pillars_1
IceCv:    ice_cave_small_necro

Skill      XL: |  1  2  3  4  5  6  7  8  9 10 11 |
---------------+----------------------------------+-----
Shields        | 4 5 6 7 8 9 |  9.2
Polearms       | 3 4 5 6 |  6.6
Armour         | 4 5 6 7 8 |  8.4
Fighting       | 4 5 6 7 8 |  8.4
Maces & Flails | 1 2 4 5 6 7 |  7.7
Dodging        | 1 |  1.1
Invocations    | 1 3 5 6 |  6.5
Evocations     | 1 3 4 6 |  6.0

Action                   |  1- 3 |  4- 6 |  7- 9 | 10-12 || total
-------------------------+-------+-------+-------+-------++-------
Melee: Trident           |    78 |   109 |    13 |       ||   200
       Whip              |       |    45 |   376 |   315 ||   736
Throw: Dart              |       |       |    24 |     2 ||    26
Invok: Heroism           |       |       |       |     1 ||     1
 Abil: Shaft Self        |       |     1 |       |       ||     1
Evoke: Wand              |       |       |       |    16 ||    16
  Use: Scroll            |       |       |     9 |     8 ||    17
       Potion            |       |       |     1 |     3 ||     4
Armor: Scale mail        |    24 |    49 |    93 |       ||   166
       Plate armour      |       |       |    19 |   119 ||   138
Dodge: Dodged            |    25 |    38 |   125 |   144 ||   332
Block: Kite shield       |    28 |    76 |   180 |   183 ||   467
